 Dungeon Crawl Stone Soup version 0.31-a0-145-g046c7d2549 (webtiles) character file.

Game seed: 16426569138186481144

901 qw the Skirmisher (level 7, -6/62 HPs)
             Began as a Minotaur Hunter on June 7, 2023.
             Mangled by an ogre
             ... wielding a +0 giant club
              (24 damage)
             ... on level 4 of the Dungeon.
             The game lasted 00:01:13 (4154 turns).

qw the Skirmisher (Minotaur Hunter)                 Turns: 4154, Time: 00:01:13

Health: -6/62      AC:  5    Str: 16    XL:     7   Next: 80%
Magic:  6/6        EV: 12    Int:  6    God:
Gold:   182        SH:  0    Dex: 15    Spells: 6/6 levels left

rFire   . . .        Y - +0 shortbow
rCold   . . .        (shield currently unavailable)
rNeg    . . .        b - +0 ring mail
rPois   .            (helmet restricted)
rElec   .            (no cloak)
rCorr   .            (no gloves)
SInv    .            (no boots)
Will    .....        (no amulet)
Stlth   +            (no ring)
HPRegen 0.30/turn    (no ring)
MPRegen 0.10/turn

%: no passive effects
@: no status effects
A: horns 2, retaliatory headbutt
a: no special abilities


You were on level 4 of the Dungeon.
You visited 1 branch of the dungeon, and saw 4 of its levels.

You collected 182 gold pieces.


Innate Abilities, Weirdness & Mutations

You have a pair of horns on your head.
You reflexively headbutt those who attack you in melee.


   Skills:
 + Level 5.8 Fighting
 - Level 9.0 Ranged Weapons
 - Level 2.0 Armour
 - Level 3.3 Dodging
 - Level 0.7 Stealth


You had 6 spell levels left.
You didn't know any spells.
Your spell library was empty.

Inventory:

Hand Weapons
 Y - a +0 shortbow (weapon)
Armour
 b - a +0 ring mail (worn)
 c - a +0 pair of boots
 l - a +0 pair of gloves
Jewellery
 f - a +5 ring of evasion
Scrolls
 a - a scroll of identify
 j - a scroll of immolation {unknown}
 m - a scroll of enchant weapon {unknown}
Potions
 d - 3 potions of curing
 e - a potion of haste
 g - a potion of mutation
 h - a potion of heal wounds
 i - a potion of brilliance {unknown}
 k - a potion of ambrosia {unknown}
 n - a potion of lignification {unknown}

Dungeon Overview and Level Annotations

Branches:
Dungeon (4/15)
 Temple: D:4-7

Altars:
Cheibriados
Hepliaklqana
Qazlal
Wu Jian


Message History

As you open the door, it creaks loudly!
There is an open door here.
There is an open door here.
There is an open door here.
You open the door.
There is an open door here.
There is a stone staircase leading up here.
An ogre comes into view. It is wielding a +0 giant club.
The ogre shouts!
Enter note:
Enter note:
Enter note:
Enter note:
Enter note:
Enter note:
Enter note:
Enter note:
Enter note: You shoot an arrow.
The arrow closely misses the ogre.
You shoot an arrow. The arrow hits the ogre.
The ogre is lightly wounded.
You shoot an arrow. The arrow hits the ogre.
The ogre is lightly wounded.
You shoot an arrow.
The arrow hits the ogre but does no damage.
The ogre is lightly wounded.
The ogre hits you with a +0 giant club!!
You shoot an arrow. The arrow hits the ogre.
The ogre is moderately wounded.
The ogre hits you with a +0 giant club!
You shoot an arrow.
The arrow hits the ogre but does no damage.
The ogre is lightly wounded.
The ogre hits you with a +0 giant club!
You shoot an arrow. The arrow hits the ogre.
The ogre is moderately wounded.
You shoot an arrow. The arrow hits the ogre.
The ogre is heavily wounded.
The ogre hits you with a +0 giant club!!
You die...

#.# ##'## ##...##
##.....## ## #
#.......# ##.# .#
.........####...##.
.)..%....+........
.........# #..O.#
#....>>.## #@#
##.....## #.#
##...## #.# #+##
#.# #.# #.#
####.###### #.#
..........# #.#
.##.....#.# #.#
.#......#.# #.#


You could see an ogre.

Vanquished Creatures
  Sigmund (D:2)
  Menkaure (D:4)
  A sky beast (D:3)
  An ogre (D:3)
  A phantom (D:4)
  2 scorpions
  Natasha (thrice) (D:2)
  8 gnolls
  4 adders
  3 worms
  5 orcs
  4 ball pythons
  9 endoplasms
  4 giant cockroaches
  4 goblins
  7 hobgoblins
  2 jackals (D:1)
  2 quokkas
  5 bats
  2 frilled lizards (D:1)
  4 kobolds
  A rat (D:1)
74 creatures vanquished.

Notes
Turn   | Place    | Note
-------+----------+-------------------------------------------
     0 | D:1      | qw the Minotaur Hunter began the quest for the Orb.
     0 | D:1      | Reached XP level 1. HP: 18/18 MP: 0/0
     0 | D:1      | 0 ||| qw: Version: 0.2-a-117-gc6b5c8b
     0 | D:1      | 0 ||| qw: Game counter: 2478
     0 | D:1      | 0 ||| qw: Always use a shield: true
     0 | D:1      | 0 ||| qw: God list: Okawaru
     0 | D:1      | 0 ||| qw: Allow faded altars: false
     0 | D:1      | 0 ||| qw: Do Orc after D:15 true
     0 | D:1      | 0 ||| qw: Do second Lair branch before Depths: true
     0 | D:1      | 0 ||| qw: Lair rune preference: random
     0 | D:1      | 0 ||| qw: Plans: Normal
     0 | D:1      | 0 ||| PLANNING D:1-11
   102 | D:1      | Reached XP level 2. HP: 18/25 MP: 1/1
   246 | D:1      | Reached skill level 5 in Ranged Weapons
   501 | D:1      | Reached skill level 3 in Fighting
   869 | D:1      | 869 ||| READING 2 scrolls labelled SYQASK YLAU.
   870 | D:1      | 870 ||| READING 2 scrolls labelled QUPUWK TUQU.
   871 | D:1      | 871 ||| DRINKING 3 viscous golden potions.
   872 | D:1      | 872 ||| DROPPING scroll of butterflies.
   873 | D:1      | 873 ||| DROPPING scroll of magic mapping.
   912 | D:2      | 912 ||| STAIRDANCE
   914 | D:1      | HP: 4/26 [gnoll/+0 flail (5)]
   917 | D:1      | Reached XP level 3. HP: 5/31 MP: 2/2
  1020 | D:2      | 1020 ||| STAIRDANCE
  1082 | D:2      | 1082 ||| STAIRDANCE
  1116 | D:2      | 1116 ||| STAIRDANCE
  1238 | D:2      | Noticed Sigmund
  1241 | D:2      | Reached XP level 4. HP: 35/38 MP: 3/3
  1248 | D:2      | HP: 6/38 [Sigmund/+3 heavy scythe (13)]
  1249 | D:2      | Reached skill level 6 in Ranged Weapons
  1250 | D:2      | Killed Sigmund
  1251 | D:2      | Reached XP level 5. HP: 6/50 MP: 4/4
  1449 | D:2      | Noticed Natasha
  1457 | D:2      | Killed Natasha
  1586 | D:2      | Reached XP level 6. HP: 57/57 MP: 5/5
  1936 | D:2      | Noticed Natasha
  1939 | D:2      | 1939 ||| Stepping ~*~*~tactically~*~*~ (outnumbered).
  1941 | D:2      | 1941 ||| Stepping ~*~*~tactically~*~*~ (outnumbered).
  1946 | D:2      | Killed Natasha
  2080 | D:2      | Noticed Natasha
  2083 | D:2      | Killed Natasha
  2347 | D:2      | Found a faded altar of an unknown god.
  2352 | D:2      | 2352 ||| DROPPING ring of magical power.
  2353 | D:2      | 2353 ||| READING scroll labelled SUITUE BYMI.
  2354 | D:2      | 2354 ||| READING scroll labelled PAUSCH GIKYKLU.
  2455 | D:2      | 2455 ||| READING 2 scrolls labelled PAPUPI DIYTU.
  2456 | D:2      | 2456 ||| READING scroll labelled ROLENU ALUSMU.
  2457 | D:2      | 2457 ||| DRINKING 3 fizzy orange potions.
  2458 | D:2      | 2458 ||| READING 3 scrolls of identify.
  2458 | D:2      | 2458 ||| IDENTIFYING pink potion
  2459 | D:2      | 2459 ||| READING 2 scrolls of identify.
  2459 | D:2      | 2459 ||| IDENTIFYING cyan potion
  2460 | D:2      | 2460 ||| DROPPING potion of magic.
  2461 | D:2      | 2461 ||| DROPPING scroll of amnesia.
  2497 | D:3      | HP: 13/57 [scorpion (3)]
  2498 | D:3      | 2498 ||| DRINKING 2 potions of heal wounds.
  2501 | D:3      | Reached skill level 7 in Ranged Weapons
  2716 | D:3      | Found a snail-covered altar of Cheibriados.
  2718 | D:3      | Found a hazy altar of Hepliaklqana.
  2721 | D:3      | Found an ornate altar of the Wu Jian Council.
  3036 | D:3      | 3036 ||| FLEEEEING.
  3037 | D:3      | 3037 ||| FLEEEEING.
  3193 | D:3      | Found a stormy altar of Qazlal.
  3193 | D:3      | Noticed a sky beast
  3201 | D:3      | Killed a sky beast
  3202 | D:3      | Reached XP level 7. HP: 62/62 MP: 6/6
  3262 | D:3      | 3262 ||| UPGRADING to +0 ring mail.
  3272 | D:3      | 3272 ||| DROPPING +0 leather armour.
  3273 | D:3      | 3273 ||| READING scroll labelled YMPUNUE PUPIXT.
  3277 | D:3      | 3277 ||| READING 2 scrolls of identify.
  3277 | D:3      | 3277 ||| IDENTIFYING golden potion
  3304 | D:4      | Reached skill level 1 in Armour
  3305 | D:4      | 3305 ||| STAIRDANCE
  3311 | D:3      | Reached skill level 8 in Ranged Weapons
  3437 | D:4      | Noticed Menkaure
  3444 | D:4      | Killed Menkaure
  3558 | D:4      | Reached skill level 9 in Ranged Weapons
  3660 | D:4      | Reached skill level 3 in Dodging
  4154 | D:4      | Mangled by an ogre

Levels and vault maps discovered:
D:1:      lordsloth_arrival_two_stooges, layout_loops_corners,
          nrook_loot_triangle
D:2:      layout_basic, dreamdust_ecumenical_altar_hidden_monk_grotto,
          kennysheep_generic_room_10, uniq_natasha, uniq_sigmund
D:3:      layout_loops_ring, nicolae_qazlal_beasts_of_the_sky,
          chequers_temple_overflow_statue_of_worship, minmay_misc_feat_square
D:4:      cheibrodos_fertilizer, layout_loops_corners, uniq_menkaure

Skill      XL: |  1  2  3  4  5  6  7 |
---------------+----------------------+-----
Ranged Weapons | 5 6 7 9 |  9.0
Fighting       | 3 5 |  5.8
Armour         | 2 |  2.0
Dodging        | 3 |  3.3
Stealth        | |  0.7

Action                     |  1- 3 |  4- 6 |  7- 9 || total
---------------------------+-------+-------+-------++-------
   Fire: Shortbow          |    80 |   132 |    57 ||   269
    Use: Scroll            |     2 |     6 |     2 ||    10
         Potion            |     1 |     2 |       ||     3
 Armour: Leather armour    |     6 |     8 |       ||    14
         Ring mail         |       |       |     1 ||     1
  Dodge: Dodged            |    12 |    34 |     5 ||    51

Table legend:
 A = Non-vault XP
 B = Vault XP
 C = Vault XP percentage of total XP
 D = Non-vault monster count
 E = Vault monster count
 F = Vault count percentage of total count
                 A         B        C        D         E       F
            +---------+---------+-------+---------+---------+-------
      Total |     724 |     564 |  43.8 |      69 |       5 |   6.8
            +---------+---------+-------+---------+---------+-------
        D:1 |      64 |       0 |   0.0 |      22 |       0 |   0.0
        D:2 |     183 |     268 |  59.4 |      15 |       3 |  16.7
        D:3 |     254 |     124 |  32.8 |      21 |       1 |   4.5
        D:4 |     223 |     172 |  43.5 |      11 |       1 |   8.3
            +---------+---------+-------+---------+---------+-------
